woodfighter, chaotic female sylph Ranger ---- --- --..| .. ----- |...| .-- |...-- ---.|.--- ..-- ---....-- |...|...-------- -..| |.......-----...|--%)).....| --..| .......||.....--|..-----.--- |...-- |^...---.......|--- |...| |..<.| |-I..|.%.......| ---.------....-- ------....|.........- |....*...|...-- -...............-.-....-- |...----.|....| | ---................| --..| |)|....| -...............-- ---- |.|.---- .................| |.|-- ----.............-- |.| --.............- |.- ---............| |. --............. --- ---....--.---.- --.--- -- -- --- woodfighter the Trailblazer Experience level: 7 Strength: 11 Dexterity: 11 Constitution: 16 Intelligence: 13 Wisdom: 14 Charisma: 8 Health: 0(56) Energy: 39(39) Def: 3 Gold: 191 Moves: 5415 Dungeon seed: zRF1f_Zr3nRRx-_P Game ID: woodfighter_1472240362 Your Inventory: Coins $ - 191 gold pieces Amulets x - an uncursed amulet of reflection (being worn) Weapons a - a +2 bow (weapon in hand) b - 56 +2 arrows (in quiver) c - 38 +0 arrows Armor e - an uncursed +2 cloak of displacement (being worn) n - an uncursed +0 dwarvish cloak Comestibles d - 2 uncursed tins of lichen f - 2 uncursed mangos k - an uncursed carrot q - 6 uncursed food rations z - 3 uncursed lichen corpses D - 2 uncursed sprigs of wolfsbane Scrolls w - an uncursed scroll of blank paper Tools j - a cursed magic lamp Q - an uncursed tallow candle (0:200) Spells and supernatural/magical abilities: Name Level Category Fail Memory W - pray for help -- divine ? -- Your skills at the end: Miscellaneous Skills wands [Basic] Weapon Skills dagger [Basic] bow [Basic] Spellcasting Skills Final Attributes: You were piously aligned. You saw invisible. You had automatic searching. You had infravision. You were displaced. You were stealthy. You were protected from shape changers. You had reflection. You are dead. Vanquished creatures: 2 giant mimics a small mimic a gold golem a baby crocodile a rock mole 3 gnome lords a guardian naga hatchling 4 elf zombies a paper golem a little dog a floating eye 2 dwarves a kobold lord an iguana 2 giant bats a monkey 2 wererats a coyote a gas spore a hobbit 6 geckos 2 cave spiders 2 yellow molds a green mold 3 red molds 3 gnomes 6 garter snakes 2 manes 11 jackals 4 foxes a kobold 8 newts 3 sewer rats 10 grid bugs 4 bats 7 lichens 3 kobold zombies 105 creatures vanquished. Voluntary challenges: You followed a strict vegan diet. You were an atheist. You used a wielded weapon 5 times, starting on turn 1497. You did not use tools. You were illiterate. You never genocided any monsters. You never polymorphed an object. You never changed form. You completed Sokoban on turn 4855, according to the rules. You used no wishes. You never split a pudding. You never wrote Elbereth's name. You never violated your personal moral code. Dungeon overview: The Dungeons of Doom: levels 1 to 7 Level 1 a long staircase Level 2 (locked box) an armor shop, a sink Level 3 Level 4 stairs to The Gnomish Mines Level 5 many fountains Level 6 a throne stairs to Sokoban Level 7 The Gnomish Mines: Level 5 <- You were here stairs to The Dungeons of Doom Sokoban: levels 2 to 5 Level 2 a magic chest Level 3 Level 4 Level 5 a magic chest stairs to The Dungeons of Doom History has recorded: On T:1 you entered the Dungeons of Doom to retrieve the Amulet of Yendor! On T:140 you reached level 2 of The Dungeons of Doom. On T:447 you reached level 3 of The Dungeons of Doom. On T:910 you advanced to experience level 2. On T:1075 you reached level 4 of The Dungeons of Doom. On T:1150 you reached level 1 of The Gnomish Mines. On T:1428 you reached level 5 of The Dungeons of Doom. On T:1486 you reached level 6 of The Dungeons of Doom. On T:1537 you advanced to experience level 3. On T:1790 you reached level 7 of The Dungeons of Doom. On T:2104 you reached level 4 of Sokoban. On T:2187 you advanced to experience level 4. On T:2243 you opened a magic chest. On T:2420 you reached level 3 of Sokoban. On T:2909 you advanced to experience level 5. On T:3288 you reached level 2 of Sokoban. On T:3704 you reached level 1 of Sokoban. On T:3736 you advanced to experience level 6. On T:4855 you advanced to experience level 7. On T:4855 you entered the Sokoban zoo. On T:4937 you opened a magic chest. On T:5194 you opened a magic chest. Score breakdown: Gold: 191 ( 19 points) Experience: 7 levels ( 600 points) Exploration: 7 levels ( 180 points) Discoveries: 1 item ( 50 points) Variety of kills: 37 monsters ( 1850 points) Major goal: finished Sokoban ( 1000 points) Survival: died (score multiplied by 3) Total score: 11097 Latest messages: You see here 4 daggers. n - a hooded cloak. There are a few more objects here. b - 2 +2 arrows (in quiver). You see here a gnome corpse. You stop exploring. The arrow hits the gnome lord! The gnome lord wields a thonged club! You kill the gnome lord! b - 2 +2 arrows (in quiver). There are a few more objects here. w - an unlabeled scroll. A cloud of gas puts you to sleep! Something bites! Something stings! Something bites! Something stings! Something bites! Something stings! Something's sting was poisoned! You feel weaker! Something bites! Something stings! Something bites! You die... Final status: Goodbye woodfighter the Ranger, killed by a soldier ant, while sleeping... You died in The Gnomish Mines on dungeon level 5 with 11097 points, and 191 pieces of gold, after 5415 moves. You were level 7 with a maximum of 56 hit points when you died.